 Dungeon Crawl Stone Soup version 0.28-a0-933-gdde70e7 (webtiles) character file.

Game seed: 6021840727856451767

145 Dorkslayer the Skirmisher (level 5, 0/34 HPs)
             Began as a Gargoyle Fighter on Nov 27, 2021.
             Slain by Grinder (6 damage)
             ... on level 4 of the Dungeon.
             The game lasted 00:08:06 (2868 turns).

Dorkslayer the Skirmisher (Gargoyle Fighter)        Turns: 2868, Time: 00:08:06

Health: 0/34       AC: 12    Str: 18 (21) XL:     5   Next: 27%
Magic:  5/5        EV:  9    Int:  6 (8)  God:
Gold:   115        SH:  4    Dex:  7 (9)  Spells: 4/4 levels left

rFire   . . .      SeeInvis .   a - +1 long sword
rCold   . . .      Faith    .   c - +0 buckler
rNeg    + . .      Spirit   .   b - +0 scale mail
rPois   ∞          Reflect  .   (no helmet)
rElec   +          Harm     .   i - +0 cloak
rCorr   .          Rampage  .   (no gloves)
Will    .....                   (no boots)
Stlth   ..........              (no amulet)
HPRegen 0.11/turn               (no ring)
MPRegen 0.09/turn               (no ring)

@: invisible
A: sickness immunity, AC +4, negative energy resistance 1, electricity
resistance, torment resistance 1, petrification resistance
a: no special abilities


You were on level 4 of the Dungeon.
You visited 1 branch of the dungeon, and saw 4 of its levels.

You collected 115 gold pieces.

Inventory:

Hand Weapons
 a - a +1 long sword (weapon)
Missiles
 h - a throwing net (quivered)
Armour
 b - a +0 scale mail (worn)
 c - a +0 buckler (worn)
 i - a +0 cloak (worn)
Scrolls
 d - a scroll of identify
 f - a scroll of magic mapping
Potions
 e - 2 potions of flight


   Skills:
 + Level 4.5 Fighting
 + Level 2.8 Long Blades
 + Level 4.0 Armour
 + Level 0.5 Dodging
 + Level 4.0 Shields


You had 4 spell levels left.
You didn't know any spells.
Your spell library contained the following spells:

 Spells                   Type           Power      Damage    Failure   Level
 Beastly Appendage        Tmut           0%         N/A       83%         1
 Wereblood                Tmut           0%         N/A       92%         2
 Spider Form              Tmut/Pois      0%         N/A       99%         3


Dungeon Overview and Level Annotations

Branches:
Dungeon (4/15)
 Temple: D:4-7

Altars:

Annotations:
D:3 2 transporters, Sigmund; jorbis's ghost, weakling DsNe
D:4 Grinder


Innate Abilities, Weirdness & Mutations

You are immune to sickness and miasma.
Your stone body is resilient. (AC +4)
You are immune to poison.
You resist negative energy. (rN+)
You are resistant to electric shocks. (rElec)
You are resistant to unholy torment.
You are immune to petrification.


Message History

Grinder hits you.
You writhe in agony.
You hit Grinder.
Grinder is lightly wounded.
The hobgoblin barely misses you.
Grinder grins, showing sharp teeth.
Grinder blinks!
You closely miss the hobgoblin. The hobgoblin barely misses you.
You slash Grinder!
Grinder is moderately wounded.
The hobgoblin hits you but does no damage.
Grinder hits you but does no damage.
The hobgoblin hits you but does no damage.
You closely miss Grinder.
Grinder is moderately wounded.
Grinder hits you.
The hobgoblin hits you but does no damage.
Grinder says, "Make like a tree!"
You block Grinder's attack.
You slash Grinder!
Grinder is heavily wounded.
You block the hobgoblin's attack. Grinder gestures at you.
You suddenly lose the ability to move!
The hobgoblin barely misses you. Grinder hits you.
You can move again.
Unknown command.
You hit Grinder but do no damage.
Grinder is moderately wounded.
The hobgoblin barely misses you. Grinder gestures at you.
Pain shoots through your body!
You completely miss Grinder.
Grinder is moderately wounded.
The hobgoblin barely misses you. Grinder hits you.
* * * LOW HITPOINT WARNING * * *
You writhe in agony.
* * * LOW HITPOINT WARNING * * *
The hobgoblin hits you but does no damage.
Grinder hits you.
You die...

#.# #.# ##.##
########...## ##
#.####...........# ..
#.....g....#....# .#
######@##.##.#.##.#
#5##.....†..#
#.#####.#.##.# #.#
#.#.# .# #.. ..#.# .#
### ####.# # ########
#.# ##......### #.#
#.........#####.##.###


You could see Grinder and a hobgoblin.

Vanquished Creatures
  5 gnolls
  2 adders
  4 worms
  A dart slug (D:1)
  2 bats (D:2)
  6 endoplasms
  4 giant cockroaches
  7 goblins
  7 hobgoblins
  2 jackals (D:2)
  5 quokkas
  4 ball pythons
  6 frilled lizards
  9 kobolds
  5 rats
69 creatures vanquished.

Vanquished Creatures (others)
  A fungus (D:1)
  4 plants (D:1)
5 creatures vanquished.

Grand Total: 74 creatures vanquished

Notes
Turn   | Place    | Note
-------+----------+-------------------------------------------
     0 | D:1      | Dorkslayer the Gargoyle Fighter began the quest for the
                  | Orb.
     0 | D:1      | Reached XP level 1. HP: 14/14 MP: 1/1
    84 | D:1      | Reached XP level 2. HP: 19/19 MP: 2/2
   117 | D:1      | Found a faded altar of an unknown god.
   231 | D:1      | Reached XP level 3. HP: 23/24 MP: 3/3
   871 | D:2      | Reached XP level 4. HP: 26/29 MP: 4/4
  2059 | D:3      | Reached XP level 5. HP: 34/34 MP: 5/5
  2380 | D:3      | Noticed Sigmund
  2382 | D:3      | Noticed jorbis's ghost (weakling DsNe)
  2397 | D:3      | Found a transporter.
  2411 | D:3      | Found a transporter.
  2854 | D:4      | Noticed Grinder
  2865 | D:4      | Paralysed by Grinder for 2 turns
  2868 | D:4      | Slain by Grinder

Illustrated notes

Levels and vault maps discovered:
D:1:      lemuel_arrival_hallway, layout_loops_ring,
          shapermc_ecumenical_altar_mp_ritualfount, minmay_misc_feat_columns,
          corexii_hall_statues_s
D:2:      layout_basic
D:3:      layout_basic, gammafunk_ghost_arena, uniq_sigmund, uniq_ijyb
D:4:      layout_loops_corners, uniq_grinder

Skill      XL: |  1  2  3  4  5 |
---------------+----------------+-----
Long Blades    | 2 |  2.8
Fighting       | 4 |  4.5
Shields        | 4 |  4.0
Armour         | 4 |  4.0
Dodging        | |  0.5

Action                   |  1- 3 |  4- 6 || total
-------------------------+-------+-------++-------
Melee: Long sword        |    67 |   191 ||   258
  Use: Potion            |     1 |     5 ||     6
       Scroll            |       |     5 ||     5
 Stab: Invisible         |       |     1 ||     1
Armor: Scale mail        |    35 |   114 ||   149
Dodge: Dodged            |    30 |   117 ||   147
Block: Buckler           |     8 |    42 ||    50

Table legend: (Time is in decaauts)
 A = Elapsed time spent in this place.
 B = Non-inter-level travel time spent in this place.
 C = Inter-level travel time spent in this place.
 D = Time resting spent in this place.
 E = Time spent auto-exploring this place.
 F = Levels seen in this place.
 G = Mean time per level.
                   A        B        C        D        E       F      G
               +--------+--------+--------+--------+--------+-----+--------+
         Total |   2942 |   2942 |      0 |     86 |    941 |   4 |  735.5 |
       Dungeon |   2942 |   2942 |      0 |     86 |    941 |   4 |  735.5 |
               +--------+--------+--------+--------+--------+-----+--------+

Top non-repeatable levels by time:
     D:2: 1084 daAuts
     D:1: 884 daAuts
     D:3: 625 daAuts
     D:4: 347 daAuts
